 Dungeon Crawl Stone Soup version 0.21.1-1-g345015f (webtiles) character file.

406 VLARC the Sneak (level 6, -1/36 HPs)
             Began as an Octopode Wizard on Apr 5, 2018.
             Slain by an ogre
             ... wielding a +0 giant club
              (20 damage)
             ... on level 4 of the Dungeon.
             The game lasted 00:12:20 (7731 turns).

VLARC the Sneak (Octopode Wizard)                   Turns: 7731, Time: 00:12:21

Health: -1/36      AC:  1    Str:  4 (7)  XL:     6   Next: 87%
Magic:  1/12       EV: 14    Int: 19 (22) God:
Gold:   227        SH:  0    Dex: 10      Spells: 2/13 levels left

rFire    . . .     SeeInvis +   (no weapon)
rCold    . . .     Gourm    .   (no shield)
rNeg     . . .     Faith    .   a - +0 hat
rPois    .         Spirit   .   (no amulet)
rElec    .         Reflect  .   (no ring)
rCorr    .         Harm     .   o - ring of see invisible
MR       .....                  (no ring)
Stlth    ++++......             (no ring)
HPRegen  0.12/turn              (no ring)
MPRegen  0.13/turn              (no ring)
                                (no ring)
                                (no ring)

@: very slightly contaminated
A: almost no armour, stealthy swim, amphibious, 8 rings, constrict 8, camouflage
1, gelatinous body 1
a: no special abilities


You were on level 4 of the Dungeon.
You were not hungry.

You visited 1 branch of the dungeon, and saw 4 of its levels.
You also visited: Sewer.

You collected 227 gold pieces.

Inventory:

Missiles
 e - 158 stones (quivered)
Armour
 a - a +0 hat (worn)
Jewellery
 d - an uncursed ring of ice
 o - a ring of see invisible (right tentacle)
Wands
 g - a wand of random effects (31)
Scrolls
 h - 4 scrolls of identify
 l - a scroll of fear {unknown}
 m - 3 scrolls of remove curse
 n - 5 scrolls of teleportation
 p - a scroll of fog {unknown}
Potions
 c - 2 potions of heal wounds
 j - 5 potions of curing {unknown}
 k - 4 potions of might
 q - a potion of magic {unknown}
Comestibles
 b - 2 chunks of flesh
 f - 6 rations


   Skills:
 + Level 4.0 Dodging
 + Level 5.7 Stealth
 - Level 4.0 Spellcasting
 + Level 3.5 Conjurations
 - Level 1.0 Summonings
 - Level 1.0 Translocations


You had 2 spell levels left.
You knew the following spells:

 Your Spells              Type           Power        Failure   Level  Hunger
a - Magic Dart            Conj           ###.         3%          1    None
b - Blink                 Tloc           N/A          14%         2    ##.....
c - Call Imp              Summ           #.......     14%         2    ##.....
d - Conjure Flame         Conj/Fire      ##......     21%         3    ###....
e - Mephitic Cloud        Conj/Pois/Air  #.......     26%         3    ###....


Dungeon Overview and Level Annotations

Branches:
Dungeon (4/15)
 Temple: D:4-7

Altars:
Qazlal
Trog


Innate Abilities, Weirdness & Mutations

You cannot wear most types of armour.
You are very stealthy in the water. (Stealth+)
You are amphibious.
You can wear up to eight rings at the same time.
You can use your tentacles to constrict eight enemies at once.
Your skin changes colour to match your surroundings (Stealth+).
Your rubbery body absorbs attacks. (AC +1, EV +1)


Message History

Aim: an ogre, wielding a giant club (heavily wounded)
The magic dart hits the ogre.
The ogre is severely wounded.
Casting: Magic Dart
Confirm with . or Enter, or press ? or * to list all spells.
Aiming: Magic Dart
Press: ? - help, Shift-Dir - straight line, f/p - ogre
Aim: an ogre, wielding a giant club (severely wounded)
The magic dart hits the ogre.
The ogre is almost dead.
Casting: Magic Dart
Confirm with . or Enter, or press ? or * to list all spells.
Aiming: Magic Dart
Press: ? - help, Shift-Dir - straight line, f/p - ogre
Aim: an ogre, wielding a giant club (almost dead)
You miscast Magic Dart.
You are very lightly contaminated with residual magic.
Nothing appears to happen.
The ogre hits you with a giant club!!
Ouch! That really hurt!
You die...

# ###.#.............#.#
#..........#......#.#.#
###.###.#.#......####.#.#
#.....#.#.............#.#
#.#.#.............#>#
#.#.#.........(.#...#
#.#.#.........#.....#
#.#.#O....###.####..#
#...@.....#.........#
#.#.#.......#........
###.#.##..###.#####.#
#............)........#
#######.##.##########.#
###### ###


You could see an ogre.

Vanquished Creatures
  A phantom (D:4)
  An orc priest (D:3)
  2 orc wizards
  A worker ant (D:2)
  A howler monkey skeleton (D:2)
  6 adders
  An ooze (D:1)
  4 worms
  3 dart slugs
  5 leopard geckos
  16 orcs
  5 ball pythons
  3 giant cockroaches
  5 goblins
  6 hobgoblins
  8 jackals
  2 quokkas
  4 bats
  13 frilled lizards
  8 kobolds
  A leopard gecko skeleton (D:4)
  A quokka skeleton (D:3)
  21 rats
118 creatures vanquished.

Notes
Turn   | Place    | Note
-------+----------+-------------------------------------------
     0 | D:1      | VLARC the Octopode Wizard began the quest for the Orb.
     0 | D:1      | Reached XP level 1. HP: 11/11 MP: 4/4
   408 | D:1      | Reached skill level 3 in Stealth
   640 | D:1      | Reached XP level 2. HP: 8/17 MP: 6/6
  1345 | D:1      | Reached XP level 3. HP: 17/21 MP: 7/7
  2118 | D:2      | Reached XP level 4. HP: 6/27 MP: 9/9
  3254 | D:2      | Reached skill level 4 in Stealth
  3592 | D:2      | Reached XP level 5. HP: 10/31 MP: 2/10
  4040 | D:3      | Learned a level 2 spell: Blink
  4043 | D:3      | Learned a level 2 spell: Call Imp
  4047 | D:3      | Learned a level 3 spell: Conjure Flame
  4051 | D:3      | Learned a level 3 spell: Mephitic Cloud
  4062 | D:3      | Found a stormy altar of Qazlal.
  4333 | D:3      | Found a glowing drain.
  4354 | Sewer    | Entered a sewer
  5765 | D:3      | Reached XP level 6. HP: 32/36 MP: 12/12
  5803 | D:3      | Reached skill level 5 in Stealth
  6154 | D:3      | Found a bloodstained altar of Trog.
  6999 | D:4      | Noticed a phantom
  7227 | D:4      | Killed a phantom
  7731 | D:4      | Slain by an ogre

Skill      XL: |  1  2  3  4  5  6 |
---------------+-------------------+-----
Stealth        | 3 4 5 |  5.7
Conjurations   | 2 3 |  3.5
Dodging        | 3 4 |  4.0
Spellcasting   | 4 |  4.0
Summonings     | |  1.0
Translocations | |  1.0

Action                   |  1- 3 |  4- 6 || total
-------------------------+-------+-------++-------
Melee: Unarmed           |   116 |   238 ||   354
       Constrict         |    28 |    65 ||    93
       Tentacles         |    16 |    39 ||    55
Throw: Stone             |       |     1 ||     1
 Cast: Magic Dart        |       |   108 ||   108
       Blink             |       |     4 ||     4
       Mephitic Cloud    |       |     5 ||     5
       Conjure Flame     |       |     1 ||     1
  Use: Scroll            |       |     6 ||     6
       Potion            |       |     3 ||     3
 Stab: Sleeping          |    11 |    13 ||    24
  Eat: Chunk             |     3 |    12 ||    15
       Ration            |       |     2 ||     2
Armor: Skin              |    16 |    18 ||    34
Dodge: Dodged            |    71 |   183 ||   254
